 Dungeon Crawl Stone Soup version 0.19.5 (webtiles) character file.

1070 Khaine the Cudgeler (level 8, 0/48 HPs)
             Began as a Gargoyle Fighter on Mar 14, 2017.
             Shot with an arrow by a centaur (7 damage)
             ... on level 5 of the Dungeon.
             The game lasted 00:09:53 (3704 turns).

Khaine the Cudgeler (Gargoyle Fighter)              Turns: 3704, Time: 00:09:54

Health: 0/48       AC: 12    Str: 21    XL:     8   Next: 28%
Magic:  8/8        EV:  8    Int: 10    God:
Gold:   197        SH: 10    Dex:  9    Spells: 0 memorised, 7 levels left

rFire  . . .     SeeInvis .     j - +2 mace (crush)
rCold  . . .     Gourm    .     b - +0 scale mail
rNeg   + . .     Faith    .     c - +0 shield
rPois  ∞         Spirit   .     (no helmet)
rElec  +         Reflect  .     (no cloak)
rCorr  .         Harm     .     (no gloves)
MR     .....                    (no boots)
Stlth  ..........               (no amulet)
                                (no ring)
                                (no ring)

@: no status effects
A: talons 1, negative energy resistance 1, electricity resistance, wild magic 1,
unbreathing, petrification resistance, rot immunity, AC +5
a: no special abilities


You were on level 5 of the Dungeon.
You were very hungry.

You visited 1 branch of the dungeon, and saw 5 of its levels.
You also visited: Sewer.

You collected 197 gold pieces.

Inventory:

Hand Weapons
 j - a +2 mace of crushing (weapon)
Missiles
 h - 2 tomahawks (quivered)
Armour
 b - a +0 scale mail (worn)
 c - a +0 shield (worn)
Jewellery
 i - an uncursed amulet of harm
 m - an uncursed ring of wizardry {unknown}
Scrolls
 a - 4 scrolls of identify
Potions
 g - a potion of magic
Comestibles
 d - a royal jelly
 f - 5 bread rations
 k - 2 beef jerkies
 o - 3 fruits
 p - 2 slices of pizza


   Skills:
 + Level 4.6 Fighting
 * Level 6.6 Maces & Flails
 + Level 1.0 Throwing
 + Level 5.0 Armour
 + Level 2.0 Dodging
 - Level 0.8 Stealth
 + Level 5.3 Shields


You had 7 spell levels left.
You didn't know any spells.

Dungeon Overview and Level Annotations

Branches:
Dungeon (5/15)
 Temple: D:4-7

Altars:

Annotations:
D:5 Sigmund


Innate Abilities, Weirdness & Mutations

You are resistant to torment.
Your stone body is resilient. (AC +5)
You are immune to poison.
You resist negative energy. (rN+)
You are resistant to electric shocks. (rElec)
You can survive without breathing.
You are immune to petrification.
You are immune to rotting.
You have sharp toenails.
Your spells are a little harder to cast, but a little more powerful.


Message History

The black bear growls angrily.
The black bear moves out of view.
The centaur shoots an arrow.
You block the arrow.
Found a scroll of identify.
You see here an arrow.
The centaur shoots an arrow.
You block the arrow.
Found a scroll of identify.
You see here an arrow.
The centaur shoots an arrow.
You block the arrow.
The centaur shoots an arrow.
The arrow closely misses you.
You see here an arrow.
Okay, then.
Okay, then.
Okay, then.
The black bear bites you but does no damage.
You block the black bear's attack. The black bear closely misses you.
The centaur shoots an arrow.
The arrow hits you but does no damage.
You see here an arrow.
The centaur shoots an arrow.
The arrow hits you!
You die...

#........# #........
#Z[...##.# #........
#..#####.# #........
#.(......###
#........
#..(.......#
#........
##.#(......#
#.....†..
#.#(......######+##(.
###.(....... ..
#h@....... ..
#....c.... @.
...?.....?. ..
#.#......... ..
#.#......... ## #
.......... ...#...#.#
....#...#.#


You could see a black bear, a centaur and a howler monkey skeleton.

Vanquished Creatures
  The ghost of ugelson the Slinger, a novice HaHu (D:5)
  The ghost of BoredOne the Cudgeler, a novice VSFi (D:4)
  Purgy (Sewer)
  An ogre (D:4)
  A crimson imp (D:5)
  A hound (D:4)
  A jelly (D:5)
  A centaur skeleton (D:5)
  2 worker ants
  7 adders
  A river rat (D:3)
  An ooze (D:1)
  2 adder skeletons (D:4)
  A dart slug (D:1)
  2 leopard geckos
  3 orcs (D:4)
  2 ball pythons (D:1)
  15 bats
  3 giant cockroaches
  5 hobgoblins
  4 jackals (D:2)
  8 kobolds
  2 quokkas (D:4)
  2 frilled lizards
  5 goblins
  6 rats
79 creatures vanquished.

Notes
Turn   | Place    | Note
-------+----------+-------------------------------------------
     0 | D:1      | Khaine the Gargoyle Fighter began the quest for the Orb.
     0 | D:1      | Reached XP level 1. HP: 14/14 MP: 1/1
   128 | D:1      | Reached XP level 2. HP: 18/19 MP: 2/2
   174 | D:1      | Gained mutation: You have sharp toenails. [potion of mutation]
   174 | D:1      | Gained mutation: Your spells are a little harder to cast, but a little more powerful. [potion of mutation]
   398 | D:1      | Reached XP level 3. HP: 22/23 MP: 3/3
   945 | D:2      | Reached XP level 4. HP: 28/29 MP: 4/4
  1200 | D:2      | Reached skill level 3 in Maces & Flails
  1641 | D:3      | Found a glowing drain.
  1650 | Sewer    | Entered a sewer
  1734 | Sewer    | Noticed Purgy
  1744 | Sewer    | Killed Purgy
  1744 | Sewer    | Reached XP level 5. HP: 7/33 MP: 5/5
  2813 | D:4      | Reached skill level 4 in Maces & Flails
  2850 | D:4      | Reached XP level 6. HP: 29/38 MP: 6/6
  2905 | D:4      | Noticed BoredOne's ghost (novice VSFi)
  2916 | D:4      | Killed BoredOne's ghost
  2916 | D:4      | Reached skill level 1 in Dodging
  2916 | D:4      | Reached XP level 7. HP: 37/44 MP: 7/7
  3098 | D:4      | Reached skill level 5 in Maces & Flails
  3575 | D:5      | Entered Level 5 of the Dungeon
  3612 | D:5      | Noticed Sigmund
  3625 | D:5      | Noticed ugelson's ghost (novice HaHu)
  3670 | D:5      | Killed ugelson's ghost
  3670 | D:5      | Reached skill level 6 in Maces & Flails
  3670 | D:5      | Reached skill level 1 in Throwing
  3670 | D:5      | Reached skill level 5 in Armour
  3670 | D:5      | Reached skill level 5 in Shields
  3670 | D:5      | Reached XP level 8. HP: 14/48 MP: 8/8
  3704 | D:5      | Shot with an arrow by a centaur

Skill      XL: |  1  2  3  4  5  6  7 |
---------------+----------------------+-----
Shields        | 4 5 |  5.3
Maces & Flails | 3 4 6 |  6.6
Fighting       | 4 |  4.6
Armour         | 4 5 |  5.0
Dodging        | 1 2 |  2.0
Throwing       | 1 |  1.0
Stealth        | |  0.8

Action                   |  1- 3 |  4- 6 |  7- 9 || total
-------------------------+-------+-------+-------++-------
Melee: Flail             |    27 |       |       ||    27
       Mace              |    66 |   102 |   110 ||   278
       Kick              |     9 |    24 |    21 ||    54
Throw: Tomahawk          |       |       |    12 ||    12
  Use: Potion            |     2 |     2 |     5 ||     9
       Scroll            |       |     7 |     1 ||     8
  Eat: Chunk             |       |     6 |     2 ||     8
Armor: Scale mail        |    76 |    77 |    55 ||   208
       Skin              |       |       |    44 ||    44
Dodge: Dodged            |    41 |    39 |    39 ||   119
Block: Shield            |    57 |    58 |    70 ||   185
